 Dungeon Crawl Stone Soup version 0.30-a0-870-gc5d4c5acee (webtiles) character file.

Game seed: 9153797557545565241

149 greasedhog the Slasher (level 5, -1/43 HPs)
             Began as a Merfolk Fighter on Mar 11, 2023.
             Slain by a lemure (5 damage)
             ... led by Pikel
             ... on level 3 of the Dungeon.
             The game lasted 00:03:01 (2848 turns).

greasedhog the Slasher (Merfolk Fighter)            Turns: 2848, Time: 00:03:01

Health: -1/43      AC:  5    Str: 16    XL:     5   Next: 31%
Magic:  5/5        EV:  9    Int:  7    God:
Gold:   188        SH:  5    Dex: 16    Spells: 4/4 levels left

rFire   . . .      SeeInvis .    f - +1 dagger (venom)
rCold   . . .      Faith    .    c - +0 buckler
rNeg    . . .      Spirit   .    o - +0 ring mail
rPois   .          Reflect  .    (no helmet)
rElec   .          Rampage  .    (no cloak)
rCorr   .                        (no gloves)
Will    .....                    (no boots)
Stlth   +                        (no amulet)
HPRegen 0.27/turn                (no ring)
MPRegen 0.09/turn                (no ring)

@: no status effects
A: (nimble swimmer 2), mertail
a: no special abilities


You were on level 3 of the Dungeon.
You visited 1 branch of the dungeon, and saw 4 of its levels.

You collected 188 gold pieces.

Inventory:

Hand Weapons
 a - a +0 long sword
 f - a +1 dagger of venom (weapon)
Missiles
 h - 4 boomerangs (quivered)
Armour
 c - a +0 buckler (worn)
 o - a +0 ring mail (worn)
Jewellery
 b - a ring of resist corrosion
Scrolls
 e - a scroll of summoning
 g - a scroll of teleportation {unknown}
 i - a scroll of enchant armour {unknown}
 k - a scroll of fear {unknown}
 l - a scroll of noise {unknown}
Potions
 d - 2 potions of might
 j - a potion of lignification
 m - a potion of invisibility {unknown}
 n - a potion of attraction {unknown}


   Skills:
 + Level 4.5 Fighting
 * Level 5.5 Long Blades
 - Level 2.1 Armour
 - Level 3.0 Shields


You had 4 spell levels left.
You didn't know any spells.
Your spell library contained the following spells:

 Spells                   Type           Power      Damage    Failure   Level
 Sandblast                Erth           0%         2d4       75%         1
 Passwall                 Tmut/Erth      0%         N/A       86%         2
 Sublimation of Blood     Necr           0%         N/A       86%         2
 Dazzling Flash           Conj/Hex       0%         N/A       98%         3
 Inner Flame              Hex/Fire       0%         N/A       98%         3
 Stone Arrow              Conj/Erth      0%         3d7       98%         3
 Cause Fear               Hex            0%         N/A       100%        4
 Iskenderun's Mystic Bla  Conj/Tloc      0%         2d3       100%        4
 Petrify                  Tmut/Erth      0%         N/A       100%        4
 Irradiate                Conj/Tmut      0%         3d11      100%        5
 Starburst                Conj/Fire      0%         6d3       100%        6
 Discord                  Hex            0%         N/A       100%        8


Dungeon Overview and Level Annotations

Branches:
Dungeon (4/15)
 Temple: D:4-7

Altars:
Dithmenos
Makhleb
The Shining One

Shops:
D:2 :

Annotations:
D:3 Pikel


Innate Abilities, Weirdness & Mutations

((You are very nimble when in or above water. (Stealth+, EV+, Speed+++)))
Your lower body shifts to a powerful aquatic tail in water.


Message History

The lemure hits you.
You closely miss the lemure.
The lemure is lightly wounded.
You hit the lemure but do no damage.
The lemure looks as sick as possible!
The lemure is lightly wounded.
The lemure completely misses you.
You hit the lemure but do no damage.
The lemure is moderately wounded.
The lemure hits you. The lemure attacks as you move away!
The lemure closely misses you. The lemure attacks as you move away!
The lemure completely misses you.
You miss the lemure.
The lemure is severely wounded.
You block the lemure's attack.
You closely miss the lemure.
The lemure is severely wounded.
The lemure hits you.
You hit the lemure.
You kill the lemure!
That felt strangely unrewarding.
You start resting.
HP restored.
There is a stone staircase leading down here.
You climb downwards.
Level annotation: Pikel The lemure shouts!
Pikel hits you with a +2 whip of freezing!
Pikel freezes you. The lemure hits you but does no damage.
There is a stone staircase leading up here.
Pikel hits you with a +2 whip of freezing!
Pikel freezes you. The lemure hits you.
You climb upwards.
There is a stone staircase leading down here.
Pikel hits you with a +2 whip of freezing!
* * * LOW HITPOINT WARNING * * *
Pikel freezes you.
* * * LOW HITPOINT WARNING * * *
You block the lemure's attack. Pikel completely misses you.
The lemure hits you.
You die...

##.###.#.#
#..###### #.##
.........# #.##
#.# ##.###..## #.#
####.# .#.# #..#
#.# #....# ...#
#..### #.#
###.####
######....######.#
##...#
.......##.....##.#
###).###
#############..#(#
##...## ##
##.#@####..###
.#######
#.K.5....##
......<#
##.>######
.####### #### ##


You could see Pikel and a lemure.

Vanquished Creatures
  A lemure (D:3)
  A hound (D:4)
  An orc priest (D:3)
  A worm (D:2)
  2 dart slugs (D:1)
  7 orcs (D:3)
  2 bats
  3 endoplasms
  A giant cockroach (D:1)
  12 goblins
  8 hobgoblins
  6 jackals (D:1)
  8 kobolds
  A quokka (D:4)
  6 ball pythons
  3 frilled lizards
  6 rats
69 creatures vanquished.

Notes
Turn   | Place    | Note
-------+----------+-------------------------------------------
     0 | D:1      | greasedhog the Merfolk Fighter began the quest for the Orb.
     0 | D:1      | Reached XP level 1. HP: 18/18 MP: 1/1
    36 | D:1      | Reached skill level 3 in Long Blades
    36 | D:1      | Reached XP level 2. HP: 21/24 MP: 2/2
   328 | D:1      | Reached XP level 3. HP: 30/30 MP: 3/3
   523 | D:1      | Reached skill level 4 in Long Blades
   966 | D:2      | Found Fiwuw's Book Boutique.
  1258 | D:2      | Reached XP level 4. HP: 37/37 MP: 4/4
  1852 | D:3      | Found a burning altar of Makhleb.
  2019 | D:3      | Found a shadowy altar of Dithmenos.
  2088 | D:3      | Reached skill level 5 in Long Blades
  2101 | D:3      | Found a glowing golden altar of the Shining One.
  2514 | D:4      | Reached XP level 5. HP: 38/43 MP: 5/5
  2733 | D:4      | Noticed a lemure
  2733 | D:4      | Noticed a lemure
  2733 | D:4      | Noticed Pikel
  2733 | D:4      | Noticed a lemure
  2802 | D:3      | Killed a lemure
  2848 | D:3      | Slain by a lemure

Illustrated notes

Levels and vault maps discovered:
D:1:      roderic_octagonal_star, layout_loops_ring
D:2:      layout_loops_cross, serial_shops, nicolae_diamond_shop
D:3:      layout_basic, overflow_temple_1_default, grunt_dithmenos_smoke,
          nicolae_overflow_crystal_walls
D:4:      layout_basic, gammafunk_temple_overflow_pools, uniq_edmund,
          uniq_sigmund, uniq_pikel, uniq_duvessa

Skill      XL: |  1  2  3  4 |
---------------+-------------+-----
Long Blades    | 3 4 5 |  5.5
Fighting       | 4 |  4.5
Armour         | |  2.1
Shields        | |  3.0

Action                     |  1- 3 |  4- 6 || total
---------------------------+-------+-------++-------
  Melee: Long sword        |   127 |    30 ||   157
         Dagger            |       |    71 ||    71
    Use: Scroll            |       |     3 ||     3
         Potion            |       |     2 ||     2
 Armour: Scale mail        |    53 |     9 ||    62
         Ring mail         |       |    20 ||    20
  Dodge: Dodged            |    49 |    43 ||    92
  Block: Buckler           |    23 |    19 ||    42

Table legend: (Time is in decaauts)
 A = Elapsed time spent in this place.
 B = Non-inter-level travel time spent in this place.
 C = Inter-level travel time spent in this place.
 D = Time resting spent in this place.
 E = Time spent auto-exploring this place.
 F = Levels seen in this place.
 G = Mean time per level.
                   A        B        C        D        E       F      G
               +--------+--------+--------+--------+--------+-----+--------+
         Total |   2878 |   2832 |     46 |    270 |   1981 |   4 |  719.5 |
       Dungeon |   2878 |   2832 |     46 |    270 |   1981 |   4 |  719.5 |
               +--------+--------+--------+--------+--------+-----+--------+

Top non-repeatable levels by time:
     D:3: 1083 daAuts
     D:1: 728 daAuts
     D:2: 725 daAuts
     D:4: 341 daAuts
